 Dungeon Crawl Stone Soup version 0.31-a0-1074-g0b22e4e0f1 (webtiles) character file.

Game seed: 7374905704329162880

5266 tbh1313 the Severer (level 10, -2/74 (77) HPs)
             Began as a Minotaur Berserker on Dec 1, 2023.
             Was an Elder of Trog.
             Slain by a two-headed ogre
             ... wielding a +0 giant spiked club
              (21 damage)
             ... on level 8 of the Dungeon.
             The game lasted 00:14:15 (6730 turns).

tbh1313 the Severer (Minotaur Berserker)            Turns: 6730, Time: 00:14:16

HP:   -2/74 (77)    AC:  6    Str: 22    XL:     10   Next: 36%
MP:   9/9           EV: 12    Int: 14    God:    Trog [****..]
Gold: 327           SH:  5    Dex: 16    Spells: 9/9 levels left

rFire   . . .        b - +5 broad axe (flame)
rCold   . . .        g - +0 buckler
rNeg    . . .        d - +2 robe {Will+}
rPois   .            (helmet restricted)
rElec   .            n - scarf {repulsion}
rCorr   .            f - +1 pair of gloves
SInv    .            (no boots)
Will    +++..        z - amulet of regeneration
Stlth   +            y - +6 ring of dexterity
HPRegen 2.12/turn    t - +6 ring of intelligence
MPRegen 0.11/turn

%: repel missiles
@: strong-willed, regenerating, lightly drained
A: horns 2, retaliatory headbutt
a: Renounce Religion, Berserk, Trog's Hand, Brothers in Arms


You were on level 8 of the Dungeon.
You worshipped Trog.
Trog was greatly pleased with you.
You visited 1 branch of the dungeon, and saw 8 of its levels.

You collected 327 gold pieces.

Inventory:

Hand Weapons
 a - a +0 war axe of electrocution
 b - a +5 broad axe of flaming (weapon)
 k - a +0 hand axe
 q - a +0 battleaxe
Armour
 d - a +2 robe of willpower (worn)
 e - a +0 kite shield
 f - a +1 pair of gloves (worn)
 g - a +0 buckler (worn)
 n - a scarf of repulsion (worn)
 o - the +2 chain mail of the Untouchables {rF- rC+++ MP+9 SInv}
   (You took it off an orc on level 4 of the Dungeon)

   rF-:       It makes you vulnerable to fire.
   rC+++:     It renders you almost immune to cold.
   MP+9:      It affects your magic capacity (+9).
   SInv:      It lets you see invisible.
Jewellery
 t - a +6 ring of intelligence (right hand)
 y - a +6 ring of dexterity (left hand)
 z - an amulet of regeneration (around neck)
Wands
 x - a wand of roots (19)
 A - a wand of polymorph (18)
Scrolls
 i - 6 scrolls of enchant armour
 l - 3 scrolls of teleportation
 w - 2 scrolls of immolation
 C - 2 scrolls of poison
Potions
 j - 2 potions of attraction
 m - 2 potions of resistance {unknown}
 p - a potion of enlightenment {unknown}
 r - 3 potions of magic
 s - 3 potions of haste {unknown}
 u - 2 potions of brilliance {unknown}
 v - 2 potions of lignification {unknown}


   Skills:
 - Level 3.6 Fighting
 + Level 17.7 Axes
 - Level 2.4 Armour
 - Level 2.1 Dodging
 - Level 4.0 Shields


You had 9 spell levels left.
You didn't know any spells.
Your spell library contained the following spells:

 Spells                   Type           Power      Damage    Failure   Level
 Apportation              Tloc           0%         N/A       34%         1
 Necrotise                Necr           0%         1d4       34%         1
 Slow                     Hex            0%         N/A       34%         1
 Summon Small Mammal      Summ           0%         N/A       34%         1
 Confusing Touch          Hex            0%         N/A       71%         3
 Sigil of Binding         Hex            0%         N/A       71%         3
 Vampiric Draining        Necr           0%         2d6       71%         3
 Volatile Blastmotes      Fire/Tloc      0%         2d10      71%         3
 Fulminant Prism          Conj/Hex       0%         3d5       98%         4
 Iskenderun's Mystic Bla  Conj/Tloc      0%         2d3       98%         4


Dungeon Overview and Level Annotations

Branches:
Dungeon (8/15)             Temple (0/1) D:4
   Lair: D:8-11

Altars:
Ashenzari
Cheibriados
Elyvilon
Gozag
Makhleb
Nemelex Xobeh
Sif Muna
Wu Jian

Annotations:
D:7 1 transporter
D:8 Jeremiah


Innate Abilities, Weirdness & Mutations

You have a pair of horns on your head.
You reflexively headbutt those who attack you in melee.


Message History

You furiously retaliate!
You headbutt the killer bee.
The centaur shoots an arrow.
The arrow hits you.
* * * LOW HITPOINT WARNING * * *
You closely miss the killer bee.
The killer bee is severely wounded.
You feel the effects of Trog's Hand fading.
You feel sick. The killer bee barely misses you.
The centaur shoots an arrow.
The arrow hits you.
* * * LOW HITPOINT WARNING * * *
The killer bee closely misses you.
The two-headed ogre is engulfed in poison gas.
The two-headed ogre is poisoned.
You slash the killer bee! You burn the killer bee.
You kill the killer bee!
Trog accepts your kill.
You feel sick.
The centaur shoots an arrow.
The arrow barely misses you.
The arrow closely misses the water moccasin.
You feel better.
The centaur shoots an arrow.
The arrow closely misses you.
The arrow hits the water moccasin!
You block the water moccasin's attack.
The two-headed ogre is engulfed in poison gas.
The two-headed ogre looks even sicker.
The centaur shoots an arrow.
The arrow closely misses you.
The arrow hits the water moccasin!
You block the water moccasin's attack.
The two-headed ogre is engulfed in poison gas.
The two-headed ogre looks even sicker.
The sky beast is engulfed in poison gas.
The sky beast is poisoned.
The centaur shoots an arrow.
The arrow hits you!
* * * LOW HITPOINT WARNING * * *
You see here a killer bee corpse.
Your skin crawls.
You feel strong-willed.
The centaur shoots an arrow.
The arrow barely misses you.
You slash the two-headed ogre! You burn the two-headed ogre.
You headbutt the two-headed ogre.
The two-headed ogre is heavily wounded.
The two-headed ogre is engulfed in poison gas.
The two-headed ogre looks as sick as possible!
The two-headed ogre closely misses you.
The two-headed ogre hits you with a +0 giant spiked club!!
You die...

§##§# #
.§§☼. .
§.§##.
#§... #
#§§.#
.☼§###☼S.
#§☼§#O###§#
#§§.@§§§#
###§#####
#§# #§# §c.
§☼. .§§.
☼§☼..


You could see a two-headed ogre (extremely poisoned), a water moccasin and a
centaur.

Levels and vault maps discovered:
D:1:      dpeg_arrival_round_a, layout_basic, serial_glass, glass_columns_a,
          glass_columns_a, glass_columns_b, glass_columns_b, glass_columns_b,
          glass_columns_b, glass_columns_a, glass_columns_b
D:2:      layout_basic, columned_hall_lemuel, minmay_box_of_dots, uniq_sigmund
D:3:      layout_rooms, nicolae_overflow_hidden_temple, led_sif_pool
D:4:      layout_loops_ring, makhleb_heckhound_becter,
          minmay_temple_entry_trees, biasface_ghost_orc_armoury,
          uniq_blork_the_orc, uniq_natasha
D:5:      layout_cave_pools, slow_altar_1
D:6:      layout_loops_ring, elyvilon_altar_3, uniq_eustachio, uniq_maggie,
          uniq_edmund, uniq_prince_ribbit1
D:7:      corexii_shantytown, layout_loops_ring, grunt_nemelex_the_gamble,
          gammafunk_temple_overflow_forgotten, gammafunk_ghost_grave,
          uniq_menkaure
D:8:      layout_loops_cross, nrook_mini_vaults, uniq_jeremiah, uniq_erica

Notes
Turn   | Place    | Note
-------+----------+-------------------------------------------
     0 | D:1      | tbh1313 the Minotaur Berserker began the quest for the Orb.
     0 | D:1      | Reached XP level 1. HP: 19/19 MP: 0/0
   121 | D:1      | You fall into a shaft and drop 1 floor!
   128 | D:2      | Reached skill level 4 in Axes
   128 | D:2      | Reached XP level 2. HP: 25/26 MP: 1/1
   195 | D:2      | Noticed Sigmund
   203 | D:2      | Killed Sigmund
   204 | D:2      | Reached skill level 7 in Axes
   204 | D:2      | Reached XP level 3. HP: 31/31 MP: 2/2
   204 | D:2      | Reached XP level 4. HP: 39/39 MP: 3/3
   204 | D:2      | Reached XP level 5. HP: 45/45 MP: 4/4
   749 | D:2      | Reached ** piety under Trog
   779 | D:2      | Reached skill level 1 in Shields
  1567 | D:3      | Reached XP level 6. HP: 51/51 MP: 5/5
  1741 | D:3      | Found a shimmering blue altar of Sif Muna.
  1962 | D:4      | Noticed Blork the orc
  1970 | D:4      | Killed Blork the orc
  1971 | D:4      | Reached skill level 8 in Axes
  2333 | D:4      | Found a burning altar of Makhleb.
  2341 | D:4      | Reached XP level 7. HP: 55/57 MP: 6/6
  2418 | D:4      | Reached skill level 9 in Axes
  2471 | D:4      | Found a staircase to the Ecumenical Temple.
  2568 | D:4      | Noticed Natasha
  2575 | D:4      | Killed Natasha
  2575 | D:4      | Reached *** piety under Trog
  2768 | D:4      | Found a runed translucent gate.
  2768 | D:4      | Identified the +2 chain mail of the Untouchables {rF- rC+++
                  | MP+9 SInv}
  2768 | D:4      | Noticed Pokonic1's ghost (amateur DsFE)
  2769 | D:4      | Found a runed translucent gate.
  2770 | D:4      | Found a runed translucent gate.
  2786 | D:4      | Killed Pokonic1's ghost
  2787 | D:4      | Reached skill level 10 in Axes
  3003 | D:5      | Entered Level 5 of the Dungeon
  3066 | D:5      | Reached XP level 8. HP: 63/64 MP: 7/7
  3067 | D:5      | Reached skill level 11 in Axes
  3202 | D:5      | Reached skill level 12 in Axes
  3545 | D:5      | Found a snail-covered altar of Cheibriados.
  3552 | D:5      | Reached skill level 13 in Axes
  3731 | D:6      | Noticed Prince Ribbit
  3741 | D:6      | Killed Prince Ribbit
  3742 | D:6      | Reached XP level 9. HP: 70/70 MP: 8/8
  3984 | D:6      | Noticed Eustachio
  3992 | D:6      | Killed Eustachio
  3992 | D:6      | Reached **** piety under Trog
  3993 | D:6      | Reached skill level 14 in Axes
  4021 | D:6      | Noticed Maggie
  4027 | D:6      | Killed Maggie
  4286 | D:6      | Reached skill level 15 in Axes
  4293 | D:6      | Found a white marble altar of Elyvilon.
  4344 | D:6      | Noticed Edmund
  4357 | D:6      | Killed Edmund
  4811 | D:7      | Noticed Menkaure
  4821 | D:7      | Killed Menkaure
  5024 | D:7      | Found a runed translucent door.
  5025 | D:7      | Noticed DApurpleWHUMPUS's ghost (novice DECj)
  5217 | D:7      | Found an opulent altar of Gozag.
  5218 | D:7      | Found a broken altar of Ashenzari.
  5219 | D:7      | Found an ornate altar of the Wu Jian Council.
  5299 | D:7      | Found a sparkling altar of Nemelex Xobeh.
  5299 | D:7      | Found a transporter.
  5299 | D:7      | Noticed an arcanist
  5368 | D:7      | Reached skill level 16 in Axes
  5965 | D:7      | Reached XP level 10. HP: 16/77 MP: 9/9
  6213 | D:7      | Killed DApurpleWHUMPUS's ghost
  6424 | D:8      | Reached skill level 17 in Axes
  6461 | D:8      | Noticed Erica
  6470 | D:8      | Killed Erica
  6703 | D:8      | Noticed Jeremiah
  6720 | D:8      | HP: 4/72 [steam dragon/ball of steam (16)]
  6722 | D:8      | Noticed a two-headed ogre
  6730 | D:8      | Slain by a two-headed ogre

Table legend: (Time is in decaauts)
 A = Elapsed time spent in this place.
 B = Non-inter-level travel time spent in this place.
 C = Inter-level travel time spent in this place.
 D = Time resting spent in this place.
 E = Time spent auto-exploring this place.
 F = Levels seen in this place.
 G = Mean time per level.
                   A        B        C        D        E       F      G
               +--------+--------+--------+--------+--------+-----+--------+
         Total |   6762 |   6453 |    309 |   1286 |   4079 |   8 |  845.2 |
       Dungeon |   6762 |   6453 |    309 |   1286 |   4079 |   8 |  845.2 |
               +--------+--------+--------+--------+--------+-----+--------+

Top non-repeatable levels by time:
     D:7: 1688 daAuts
     D:6: 1248 daAuts
     D:4: 1137 daAuts
     D:2: 723 daAuts
     D:5: 690 daAuts
     D:1: 654 daAuts
     D:3: 516 daAuts
     D:8: 103 daAuts

Table legend:
 A = Kills in this place as a percentage of kills in the entire game.
 B = Kills by you in this place as a percentage of kills by you in the entire game.
 C = Kills by friends in this place as a percentage of kills by friends in the entire game.
 D = Other kills in this place as a percentage of other kills in the entire game.
 E = Experience gained in this place as a percentage of experience gained in the entire game.
 F = Experience gained in this place divided by the number of levels of this place that you have seen.
                   A       B       C       D       E      F
               +-------+-------+-------+-------+-------+----------------------
         Total | 100.0 | 100.0 |   N/A | 100.0 | 100.0 | 940.5
       Dungeon | 100.0 | 100.0 |   N/A | 100.0 | 100.0 | 940.5
               +-------+-------+-------+-------+-------+----------------------

Action                     |  1- 3 |  4- 6 |  7- 9 | 10-12 || total
---------------------------+-------+-------+-------+-------++-------
  Melee: Hand axe          |    12 |   106 |    54 |       ||   172
         Headbutt          |     1 |    15 |    44 |     6 ||    66
         War axe           |       |       |   223 |    31 ||   254
         Broad axe         |       |       |       |    12 ||    12
 Invoke: Berserk           |     1 |     3 |     5 |     2 ||    11
         Trog's Hand       |       |       |     1 |     2 ||     3
         Brothers in Arms  |       |       |       |     1 ||     1
    Use: Scroll            |     2 |    10 |     6 |     2 ||    20
         Potion            |       |       |       |     3 ||     3
   Stab: Sleeping          |       |     5 |     2 |       ||     7
         Distracted        |       |       |     1 |       ||     1
 Armour: Animal skin       |     6 |       |       |       ||     6
         Robe              |       |    47 |   139 |    31 ||   217
  Dodge: Dodged            |    11 |    52 |   101 |    27 ||   191
         Repelled          |       |       |     1 |     1 ||     2
  Block: Buckler           |       |    14 |    42 |    10 ||    66

Vanquished Creatures
  Erica (D:8)
  The ghost of DApurpleWHUMPUS the Thaumaturge, a novice DECj of Sif Muna (D:7)
  Maggie (D:6)
  Prince Ribbit (D:6)
  The ghost of Pokonic1 the Conjurer, an amateur DsFE (D:4)
  Sigmund (D:2)
  Eustachio (D:6)
  Menkaure (D:7)
  Edmund (D:6)
  2 water moccasins
  An orc warrior (D:8)
  3 ice beasts
  A black bear (D:7)
  An ogre (D:4)
  2 centaurs
  A phantom (D:5)
  Blork the orc (D:4)
  2 bullfrogs
  A kobold brigand (D:7)
  4 scorpions
  5 wights (D:5)
  8 killer bees
  A jelly (D:6)
  7 hounds
  6 orc priests
  4 sleepcaps
  2 iguanas (D:6)
  An iron imp (D:5)
  Natasha (D:4)
  5 orc wizards
  4 gnolls
  11 adders
  A shadow imp (D:5)
  2 white imps (D:5)
  2 ufetubi (D:5)
  A worm (D:4)
  3 dart slugs
  29 orcs
  3 ball pythons
  9 endoplasms
  A giant cockroach (D:2)
  9 goblins
  11 hobgoblins
  3 quokkas (D:3)
  6 bats
  3 frilled lizards
  20 kobolds
  4 rats
190 creatures vanquished.

Vanquished Creatures (others)
  A killer bee (D:8)
1 creature vanquished.

Grand Total: 191 creatures vanquished
